Map: Oceanborn LE

Players

Hawker - Winner!

  • Race: Protoss Protoss
  • League: Gold
  • Spawn Location: 11:00

Subwayeatn

  • Race: Zerg Zerg
  • League: Platinum
  • Spawn Location: 5:00

VOD

Have the link to the VOD?

Description

Time

  • Played on: Nov. 11, 2023, 12:32 p.m.
  • Length: 9:00
Show
View Real Time Build Order
Export as new Build Order

Hawker Protoss - Winner!

Build Orders: 1 Gate Expand 

Get SALT Encoding   

  12  0:00  Probe  
  13  0:12  Probe  
  14  0:22  Pylon  
  14  0:24  Probe  
  15  0:40  Probe  
  15  0:41  Gateway  
  16  0:52  Probe  
  17  0:59  Assimilator  
  17  1:04  Probe  
  18  1:16  Probe  
  19  1:28  Probe  
  19  1:31  Cybernetics Core  
  20  1:40  Nexus  
  20  1:43  Probe  
  21  1:51  Pylon  
  21  1:55  Probe  
  21  2:00  Assimilator  
  22  2:07  Warp Gate, Probe  
  23  2:13  Stalker  
  25  2:19  Probe  
  26  2:31  Probe  
  27  2:46  Probe  
  27  2:48  Gateway  
  27  2:50  Robotics Facility  
  29  2:58  Probe x2  
  29  3:01  Adept (Chrono Boost)  
  32  3:10  Probe x2  
  34  3:20  Pylon  
  34  3:22  Probe  
  34  3:23  Probe  
  36  3:28  Shield Battery  
  36  3:35  Pylon  
  36  3:36  Adept (Chrono Boost)  
  36  3:38  Sentry (Chrono Boost)  
  38  3:48  Shield Battery  
  38  3:51  Immortal (Chrono Boost)  
  42  4:10  Cybernetics Core, Zealot  
  42  4:11  Zealot  
  42  4:14  Probe x2  
  48  4:26  Gateway, Probe x2  
  50  4:32  Gateway  
  50  4:42  Probe x2  
  50  4:43  Observer  
  53  4:50  Twilight Council  
  53  4:53  Pylon  
  53  4:54  Probe x2  
  53  4:56  Assimilator  
  53  4:58  Assimilator  
  55  5:02  Pylon  
  55  5:06  Probe x2  
  57  5:08  Immortal  
  61  5:16  Shield Battery  
  61  5:18  Probe  
  61  5:19  Probe  
  61  5:21  Adept  
  65  5:26  Charge  
  65  5:30  Probe  
  65  5:31  Probe  
  65  5:32  Gateway  
  67  5:43  Probe x2  
  67  5:47  Immortal  
  73  5:52  Stalker  
  73  5:55  Probe  
  76  5:57  Pylon  
  76  6:12  Adept  
  76  6:16  Pylon  
  76  6:18  Adept  
  80  6:29  Immortal  
  84  6:36  Robotics Bay  
  84  6:37  Templar Archives  
  84  6:43  Adept x2  
  84  6:44  Adept  
  90  6:49  Probe  
  90  6:50  Probe  
  92  6:59  Pylon  
  92  7:01  Pylon  
  92  7:03  Adept  
  94  7:10  Dark Shrine  
  94  7:12  Psionic Storm  
  94  7:16  Gateway  
  94  7:17  Warp Prism  
  94  7:19  Gateway  
  96  7:22  Pylon  
  96  7:27  Adept x3  
  102  7:32  Shield Battery  
  98  7:48  Adept x2  
  98  7:49  Adept  
  94  8:03  Colossus  
  100  8:19  Shield Battery  
  100  8:26  Nexus  
  100  8:27  Pylon  
  100  8:30  Pylon  
  100  8:31  Dark Templar x2  
  100  8:32  Dark Templar  
  100  8:33  Zealot  
  100  8:34  Zealot  
  110  8:54  Dark Templar x2  
Show
View Real Time Build Order
Export as new Build Order

Subwayeatn Zerg 

Build Orders: 3 Hatch before Pool 

Get SALT Encoding   

  12  0:00  Drone  
  13  0:21  Drone  
  14  0:42  Drone, Hatchery  
  14  1:10  Hatchery  
  13  1:15  Drone  
  14  1:19  Extractor  
  14  1:20  Drone  
  15  1:34  Spawning Pool  
  14  1:42  Overlord  
  14  1:56  Drone  
  15  2:22  Zergling x2  
  16  2:23  Queen  
  16  2:26  Zergling x2  
  16  2:27  Zergling x2  
  20  2:33  Drone  
  20  2:34  Drone x2  
  23  2:46  Overlord  
  23  2:47  Zergling x2  
  23  2:48  Zergling x8  
  28  2:52  Overlord  
  27  3:06  Zergling x2  
  27  3:07  Zergling x6  
  31  3:13  Zergling x4  
  33  3:24  Zergling x2  
  33  3:25  Zergling x4  
  34  3:43  Zergling x12  
  37  4:02  Zergling x8  
  39  4:03  Zergling x2  
  37  4:14  Zergling x6  
  36  4:17  Zergling x2  
  32  4:32  Zergling x8  
  32  4:38  Queen  
  35  4:39  Queen  
  35  4:44  Drone x2  
  39  4:47  Drone  
  39  4:51  Extractor  
  39  4:58  Drone x2  
  39  4:59  Drone  
  42  5:03  Overlord  
  42  5:12  Zergling x6  
  32  5:43  Zergling x22  
  32  5:45  Zergling x2  
  44  5:55  Baneling Nest  
  43  5:59  Zergling x6  
  46  6:11  Metabolic Boost  
  46  6:15  Zergling x2  
  46  6:16  Zergling x4  
  49  6:31  Zergling x10  
  49  6:32  Zergling x2  
  53  6:42  Zergling x6  
  53  6:46  Overlord  
  56  6:52  Overlord  
  55  6:58  Overlord  
  55  7:03  Baneling x3  
  55  7:04  Baneling  
  55  7:05  Baneling  
  55  7:07  Baneling  
  55  7:13  Zergling x2  
  55  7:14  Zergling x2  
  57  7:23  Zergling x2  
  57  7:24  Zergling x4  
  57  7:27  Zergling x4  
  28  8:13  Drone x15  
  43  8:33  Zergling x2  
  44  8:34  Zergling x14  
  51  8:42  Zergling x2  
  51  8:43  Zergling x4  
Tags
 
Add a new tag
Caveats
  • Supply blocks, unpowered buildings, or Contaminate may cause inaccurate times.
  • Supply counts are checked every 10 seconds.